SL
NORFOLK CRUISERS @ PHILADEPHIA 1776 BC
09/23/2018
 
TOP OF THE 1ST
Norfolk Cruisers batting - Pitching for Philadephia 1776 BC : LHP Walt Johnston
Pitching: LHP Walt Johnston
Batting: RHB Floyd Mitchell 0-0: Ball
1-0: Swinging Strike
1-1: Ball
2-1: Foul Ball, location: 2F
2-2: Strikes out swinging
Batting: RHB Bill Childers 0-0: Ball
1-0: Ball
2-0: Ball
3-0: Base on Balls
Batting: RHB Steven Talley 0-0: Ball
1-0: Ball
2-0: Called Strike
2-1: Ball
3-1: Called Strike
3-2: Fly out, F3 (Line Drive, 3S)
Batting: RHB Terry Sylvester 0-0: Called Strike
0-1: Called Strike
0-2: Foul Ball, location: 2F
0-2: Strikes out swinging
Top of the 1st over - 0 run(s), 0 hit(s), 0 error(s), 1 left on base; Norfolk 0 - Philadephia 1776 0
BOTTOM OF THE 1ST
Philadephia 1776 BC batting - Pitching for Norfolk Cruisers : RHP Bob Warford
Pitching: RHP Bob Warford
Batting: RHB Manny Hernández 0-0: Swinging Strike
0-1: Foul Ball, location: 2F
0-2: Foul Ball, location: 2F
0-2: Strikes out looking
Batting: RHB Iván Pérez 0-0: Called Strike
0-1: Ground out 5-3 (Groundball, 56)
Batting: LHB Chris Nelson 0-0: Ball
1-0: Called Strike
1-1: Called Strike
1-2: Ground out U3 (Groundball, 3S)
Bottom of the 1st over - 0 run(s), 0 hit(s), 0 error(s), 0 left on base; Norfolk 0 - Philadephia 1776 0
TOP OF THE 2ND
Norfolk Cruisers batting - Pitching for Philadephia 1776 BC : LHP Walt Johnston
Batting: RHB Jorge Gómez 0-0: Ball
1-0: Ball
2-0: Swinging Strike
2-1: Ball
3-1: Foul Ball, location: 2F
3-2: SINGLE (Line Drive, 6D)
Batting: RHB Carlos Rodríguez 0-0: Swinging Strike
0-1: Ball
1-1: Fly out, F4 (Popup, 4)
Batting: RHB Xie-li Kan 0-0: Ball
1-0: Called Strike
1-1: Ball
2-1: Foul Ball, location: 2F
2-2: Foul Ball, location: 2F
2-2: Ball
3-2: Base on Balls
Jorge Gómez to second
Batting: RHB Matt Sheppard 0-0: Ball
1-0: Foul Ball, location: 2F
1-1: Ball
2-1: Called Strike
2-2: Grounds into double play, 6-4-3 (Groundball, 6M)
Top of the 2nd over - 0 run(s), 1 hit(s), 0 error(s), 1 left on base; Norfolk 0 - Philadephia 1776 0
BOTTOM OF THE 2ND
Philadephia 1776 BC batting - Pitching for Norfolk Cruisers : RHP Bob Warford
Batting: RHB Brian O'Brian 0-0: Ball
1-0: Called Strike
1-1: Called Strike
1-2: Ball
2-2: Foul Ball, location: 2F
2-2: SOLO HOME RUN (Flyball, 78XD), Distance : 436 ft
Batting: LHB Matt Mitchell 0-0: Reached on error, E4 (Groundball, 4)
Batting: RHB Carl Good 0-0: Fly out, F8 (Flyball, 8RD)
Batting: LHB Sébastien Rolland 0-0: Ground out 5-3 (Groundball, 56S)
Matt Mitchell to second
Batting: RHB Soseki Matsunaga 0-0: Called Strike
0-1: Swinging Strike
0-2: Ball
1-2: Ball
2-2: Foul Ball, location: 2F
2-2: Fly out, F9 (Flyball, 89M)
Bottom of the 2nd over - 1 run(s), 1 hit(s), 1 error(s), 1 left on base; Norfolk 0 - Philadephia 1776 1
TOP OF THE 3RD
Norfolk Cruisers batting - Pitching for Philadephia 1776 BC : LHP Walt Johnston
Batting: RHB Bob Warford 0-0: Ball
1-0: Ball
2-0: Fly out, F8 (Flyball, 8LM)
Batting: RHB Floyd Mitchell 0-0: Foul Ball, location: 2F
0-1: Foul Ball, location: 2F
0-2: Ball
1-2: Ball
2-2: Foul Ball, location: 2F
2-2: Ground out 6-3 (Groundball, 6M)
Batting: RHB Bill Childers 0-0: Ball
1-0: Ball
2-0: Ball
3-0: Called Strike
3-1: Foul Ball, location: 2F
3-2: Strikes out swinging
Top of the 3rd over - 0 run(s), 0 hit(s), 0 error(s), 0 left on base; Norfolk 0 - Philadephia 1776 1
BOTTOM OF THE 3RD
Philadephia 1776 BC batting - Pitching for Norfolk Cruisers : RHP Bob Warford
Batting: LHB Walt Johnston 0-0: Ball
1-0: Swinging Strike
1-1: SINGLE (Groundball, 5L)
Batting: RHB Manny Hernández 0-0: Ball
1-0: Ball
2-0: Called Strike
2-1: Foul Ball, location: 2F
2-2: Foul Ball, location: 2F
2-2: Ball
3-2: Strikes out swinging
Batting: RHB Iván Pérez 0-0: Called Strike
0-1: Ball
1-1: Ball
2-1: Foul Ball, location: 2F
2-2: Foul Ball, location: 2F
2-2: Ball
3-2: Base on Balls
Walt Johnston to second
Batting: LHB Chris Nelson 0-0: Ball
1-0: Ball
2-0: Ball
3-0: Called Strike
3-1: Base on Balls
Walt Johnston to third
Iván Pérez to second
Batting: RHB Brian O'Brian 0-0: Foul Ball, location: 2F
0-1: Ball
Wild Pitch!
Walt Johnston scores
Iván Pérez to third
Chris Nelson to second
1-1: 3-RUN HOME RUN (Flyball, 7D), Distance : 389 ft
Batting: LHB Matt Mitchell 0-0: DOUBLE (Flyball, 8RD)
Batting: RHB Carl Good 0-0: Ball
1-0: SINGLE (Line Drive, 6MD)
Matt Mitchell to third
Runner from 3rd tries for Home, SAFE, throw made home
Pitching: LHP Denver Johnston
Batting: LHB Sébastien Rolland 0-0: Called Strike
0-1: Fielders Choice at 2nd, 4-6 (Groundball, 4)
Batting: RHB Soseki Matsunaga 0-0: Ball
1-0: Foul Ball, location: 2F
1-1: Ball
2-1: Ball
Sébastien Rolland is caught stealing 2nd base
Bottom of the 3rd over - 5 run(s), 4 hit(s), 0 error(s), 0 left on base; Norfolk 0 - Philadephia 1776 6
TOP OF THE 4TH
Norfolk Cruisers batting - Pitching for Philadephia 1776 BC : LHP Walt Johnston
Now in LF: Yuji Ine
Batting: RHB Steven Talley 0-0: Called Strike
0-1: Foul Ball, location: 2F
0-2: Strikes out looking
Batting: RHB Terry Sylvester 0-0: Ball
1-0: Called Strike
1-1: Ball
2-1: Swinging Strike
2-2: Foul Ball, location: 2F
2-2: Strikes out swinging
Batting: RHB Jorge Gómez 0-0: Ball
1-0: Ground out 5-3 (Groundball, 56S)
Top of the 4th over - 0 run(s), 0 hit(s), 0 error(s), 0 left on base; Norfolk 0 - Philadephia 1776 6
BOTTOM OF THE 4TH
Philadephia 1776 BC batting - Pitching for Norfolk Cruisers : LHP Denver Johnston
Batting: RHB Soseki Matsunaga 0-0: Foul Ball, location: 2F
0-1: Ball
1-1: Ground out 5-3 (Groundball, 5S)
Batting: LHB Walt Johnston 0-0: Ball
1-0: Swinging Strike
1-1: Fly out, F8 (Flyball, 8LM)
Batting: RHB Manny Hernández 0-0: Ball
1-0: Ball
2-0: Foul Ball, location: 2F
2-1: SINGLE (Line Drive, 9S)
Batting: RHB Iván Pérez 0-0: Swinging Strike
0-1: Ball
1-1: Foul Ball, location: 2F
1-2: Ball
2-2: Ground out 6-3 (Groundball, 6)
Bottom of the 4th over - 0 run(s), 1 hit(s), 0 error(s), 1 left on base; Norfolk 0 - Philadephia 1776 6
TOP OF THE 5TH
Norfolk Cruisers batting - Pitching for Philadephia 1776 BC : LHP Walt Johnston
Batting: RHB Carlos Rodríguez 0-0: Ball
1-0: Ground out U3 (Groundball, 3)
Batting: RHB Xie-li Kan 0-0: Called Strike
0-1: Ball
1-1: Swinging Strike
1-2: Ball
2-2: SINGLE (Line Drive, 4D)
Batting: RHB Matt Sheppard 0-0: Ball
1-0: Ball
2-0: Called Strike
2-1: Swinging Strike
2-2: Ball
Wild Pitch!
Xie-li Kan to second
3-2: Ground out 6-3 (Groundball, 56)
Pinch Hitting: RHB David Gómez 0-0: Ball
1-0: Foul Ball, location: 2F
1-1: Ground out 4-3 (Groundball, 4)
Top of the 5th over - 0 run(s), 1 hit(s), 0 error(s), 1 left on base; Norfolk 0 - Philadephia 1776 6
BOTTOM OF THE 5TH
Philadephia 1776 BC batting - Pitching for Norfolk Cruisers : LHP Denver Johnston
Pitching: LHP Russ Melanson
Batting: LHB Chris Nelson 0-0: Called Strike
0-1: Ball
1-1: Called Strike
1-2: Foul Ball, location: 2F
1-2: Ball
2-2: Foul Ball, location: 2F
2-2: Ball
3-2: SINGLE (Groundball, 34D)
Batting: RHB Brian O'Brian 0-0: Ball
1-0: Called Strike
1-1: Foul Ball, location: 2F
1-2: Ball
2-2: Ball
3-2: Base on Balls
Chris Nelson to second
Batting: RHB Yuji Ine 0-0: Ball
1-0: Grounds into double play, 4-6-3 (Groundball, 4)
Chris Nelson to third
Batting: RHB Carl Good 0-0: Called Strike
0-1: Swinging Strike
0-2: Ball
1-2: Ball
2-2: Ball
3-2: SINGLE (Groundball, 15S) (infield hit)
Chris Nelson scores
Batting: LHB Sébastien Rolland 0-0: Called Strike
0-1: Ball
1-1: Foul Ball, location: 2F
1-2: SINGLE (Line Drive, 78S)
Carl Good to second
Batting: RHB Soseki Matsunaga 0-0: Foul Ball, location: 2F
0-1: Fielders Choice at 2nd, 5-4 (Groundball, 56)
Bottom of the 5th over - 1 run(s), 3 hit(s), 0 error(s), 1 left on base; Norfolk 0 - Philadephia 1776 7
TOP OF THE 6TH
Norfolk Cruisers batting - Pitching for Philadephia 1776 BC : LHP Walt Johnston
Batting: RHB Floyd Mitchell 0-0: Foul Ball, location: 2F
0-1: Ball
1-1: Foul Ball, location: 2F
1-2: Strikes out swinging
Batting: RHB Bill Childers 0-0: Ball
1-0: Called Strike
1-1: Hit by Pitch
Batting: RHB Steven Talley 0-0: Ball
1-0: Ball
2-0: Fly out, F4 (Line Drive, 4)
Batting: RHB Terry Sylvester 0-0: Ball
1-0: Ball
2-0: Called Strike
2-1: Swinging Strike
2-2: Foul Ball, location: 2F
2-2: Ball
3-2: Ground out 5-3 (Groundball, 56)
Top of the 6th over - 0 run(s), 0 hit(s), 0 error(s), 1 left on base; Norfolk 0 - Philadephia 1776 7
BOTTOM OF THE 6TH
Philadephia 1776 BC batting - Pitching for Norfolk Cruisers : LHP Russ Melanson
Batting: LHB Walt Johnston 0-0: Ball
1-0: Ball
2-0: Called Strike
2-1: Ball
3-1: Foul Ball, location: 2F
3-2: Ground out 6-3 (Groundball, 6M)
Batting: RHB Manny Hernández 0-0: Ball
1-0: Called Strike
1-1: Ball
2-1: Ball
3-1: Reached on error, E2 (Groundball, 2R)
Pitching: RHP Carlos Rúbio
Batting: RHB Iván Pérez 0-0: Ball
1-0: Ground out 5-3 (Groundball, 56)
Batting: LHB Chris Nelson 0-0: Called Strike
0-1: Ground out 1-3 (Groundball, 15)
Bottom of the 6th over - 0 run(s), 0 hit(s), 1 error(s), 1 left on base; Norfolk 0 - Philadephia 1776 7
TOP OF THE 7TH
Norfolk Cruisers batting - Pitching for Philadephia 1776 BC : LHP Walt Johnston
Batting: RHB Jorge Gómez 0-0: Foul Ball, location: 2F
0-1: Ball
1-1: Ball
2-1: Swinging Strike
2-2: Strikes out swinging
Batting: RHB Carlos Rodríguez 0-0: Foul Ball, location: 2F
0-1: Ball
1-1: Swinging Strike
1-2: DOUBLE (Groundball, 3L)
Batting: RHB Xie-li Kan 0-0: Ball
1-0: Foul Ball, location: 2F
1-1: Ground out 4-3 (Groundball, 4)
Carlos Rodríguez to third
Batting: RHB Matt Sheppard 0-0: Ball
1-0: Ball
2-0: Called Strike
2-1: Swinging Strike
2-2: Foul Ball, location: 2F
2-2: Foul Ball, location: 2F
2-2: Strikes out swinging
Top of the 7th over - 0 run(s), 1 hit(s), 0 error(s), 1 left on base; Norfolk 0 - Philadephia 1776 7
BOTTOM OF THE 7TH
Philadephia 1776 BC batting - Pitching for Norfolk Cruisers : RHP Carlos Rúbio
Batting: RHB Brian O'Brian 0-0: Ball
1-0: Ball
2-0: Called Strike
2-1: Ball
3-1: Base on Balls
Batting: RHB Yuji Ine 0-0: Swinging Strike
0-1: SINGLE (Groundball, 6MD)
Brian O'Brian to second
Batting: RHB Carl Good 0-0: Called Strike
0-1: Ball
1-1: Foul Ball, location: 2F
1-2: Foul Ball, location: 2F
1-2: Strikes out looking
Batting: LHB Sébastien Rolland 0-0: Ball
1-0: Called Strike
1-1: Called Strike
1-2: Foul Ball, location: 2F
1-2: Foul Ball, location: 2F
1-2: Strikes out swinging
Batting: RHB Soseki Matsunaga 0-0: Called Strike
0-1: Ball
1-1: Ball
2-1: Fly out, F9 (Flyball, 89M)
Bottom of the 7th over - 0 run(s), 1 hit(s), 0 error(s), 2 left on base; Norfolk 0 - Philadephia 1776 7
TOP OF THE 8TH
Norfolk Cruisers batting - Pitching for Philadephia 1776 BC : LHP Walt Johnston
Pitching: LHP Michael Campbell
Pinch Hitting: RHB Mal Phillips 0-0: Ball
1-0: Foul Ball, location: 2F
1-1: Ball
2-1: Swinging Strike
2-2: Fly out, F3 (Popup, 23)
Batting: RHB Floyd Mitchell 0-0: Foul Ball, location: 2F
0-1: Ball
1-1: Ground out 6-3 (Groundball, 6)
Batting: RHB Bill Childers 0-0: Ball
1-0: Ball
2-0: Ball
3-0: Called Strike
3-1: Base on Balls
Batting: RHB Steven Talley 0-0: Ball
1-0: Ball
2-0: Ball
3-0: Base on Balls
Bill Childers to second
Batting: RHB Terry Sylvester 0-0: Called Strike
0-1: SINGLE (Line Drive, 4D)
Bill Childers to third
Steven Talley to second
Runner from 3rd tries for Home, SAFE, no throw or cutoff
Batting: RHB Jorge Gómez 0-0: Ball
1-0: Ball
2-0: Ball
3-0: Called Strike
3-1: Foul Ball, location: 2F
3-2: Strikes out swinging
Top of the 8th over - 1 run(s), 1 hit(s), 0 error(s), 2 left on base; Norfolk 1 - Philadephia 1776 7
BOTTOM OF THE 8TH
Philadephia 1776 BC batting - Pitching for Norfolk Cruisers : RHP Carlos Rúbio
Pitching: LHP Cody Brown
Pinch Hitting: LHB Rubén Alte 0-0: Ball
1-0: Ball
2-0: Fly out, F7 (Line Drive, 78D)
Batting: RHB Manny Hernández 0-0: Ball
1-0: Ball
2-0: Swinging Strike
2-1: Swinging Strike
2-2: Ground out 4-3 (Groundball, 4M)
Batting: RHB Iván Pérez 0-0: Swinging Strike
0-1: Called Strike
0-2: Ball
1-2: Ball
2-2: Fly out, F8 (Flyball, 89D)
Bottom of the 8th over - 0 run(s), 0 hit(s), 0 error(s), 0 left on base; Norfolk 1 - Philadephia 1776 7
TOP OF THE 9TH
Norfolk Cruisers batting - Pitching for Philadephia 1776 BC : LHP Michael Campbell
Pitching: RHP Alberto Ortíz
Batting: RHB Carlos Rodríguez 0-0: Ground out 4-3 (Groundball, 4)
Batting: RHB Xie-li Kan 0-0: Ball
1-0: Foul Ball, location: 2F
1-1: Ball
2-1: SINGLE (Groundball, 56D)
Batting: RHB Matt Sheppard 0-0: Foul Ball, location: 2F
0-1: Called Strike
0-2: Ball
1-2: Foul Ball, location: 2F
1-2: Ball
2-2: Grounds into double play, 1-6-3 (Groundball, 13S)
Top of the 9th over - 0 run(s), 1 hit(s), 0 error(s), 0 left on base; Norfolk 1 - Philadephia 1776 7
This league is powered by Out of the Park Baseball, the baseball management simulation game for PC, Mac and Linux
Monday, May 4th, 2015 - OOTP Baseball 15.6 Build 34